 Dungeon Crawl Stone Soup version 0.32-a0-818-gb728d0252e (webtiles) character file.

Game seed: 12429662541818058055

17217 PriceMaster the Thaumaturge (level 12, -1/80 HPs)
             Began as a Demonspawn Fire Elementalist on Mar 20, 2024.
             Succumbed to Nessos's poison
             ... on level 13 of the Dungeon on Mar 23, 2024.
             The game lasted 00:40:22 (17569 turns).

PriceMaster the Thaumaturge (DsFE)                 Turns: 17569, Time: 00:40:22

Health: -1/80      AC:  7    Str: 11 (12) XL:     12   Next: 16%
Magic:  7/27       EV: 13    Int: 24 (27) God:
Gold:   1267       SH:  0    Dex: 18 (19) Spells: 8/33 levels left

rFire   + + +        p - +1 short sword of Vammie {venom, rF+ Dex+2}
rCold   . . .        y - orb {light}
rNeg    . . .        Y - +0 robe "Ygewnol" {Regen+ Int+3}
rPois   .            (helmet restricted)
rElec   .            J - scarf {shadows}
rCorr   .            (no gloves)
SInv    .            U - +1 pair of boots
Will    .....        D - amulet "Kiguesh" {rF++ Regen+ Dex+4}
Stlth   +            f - +6 ring of intelligence
HPRegen 1.93/turn    L - ring of wizardry
MPRegen 0.40/turn

%: guardian spirit, wizardry (x1)
@: lethally poisoned (-1 -> -6), very slightly contaminated, glowing
A: yellow scales 2, foul stench 1, magic shield, magic regeneration, magic link,
demonic touch 2, antennae 1, sturdy frame 1
a: no special abilities


You were on level 13 of the Dungeon.
You visited 1 branch of the dungeon, and saw 13 of its levels.
You also visited: Sewer.

You collected 1435 gold pieces.
You spent 168 gold pieces at shops.

Inventory:

Hand Weapons
 p - the +1 short sword of Vammie (weapon) {venom, rF+ Dex+2}
   (You found it on level 12 of the Dungeon)

   Dex+2:     It affects your dexterity (+2).
   rF+:       It protects you from fire.
 H - a +2 flail of protection
 T - the +5 orcbow of the Tired Moons {heavy, rElec rF+++ rC- Dex+2}
   (You took it off an orc on level 9 of the Dungeon)

   Dex+2:     It affects your dexterity (+2).
   rF+++:     It renders you almost immune to fire.
   rC-:       It makes you vulnerable to cold.
   rElec:     It insulates you from electricity.
Armour
 b - an orb of energy
 o - a +0 cloak
 y - an orb of light (worn)
 I - an orb of energy
 J - a scarf of shadows (worn)
 M - +0 steam dragon scales
 U - a +1 pair of boots (worn)
 Y - the +0 robe "Ygewnol" (worn) {Regen+ Int+3}
   (You found it on level 9 of the Dungeon)

   Int+3:     It affects your intelligence (+3).
   Regen+:    It increases your rate of health regeneration.
Jewellery
 a - a ring of willpower
 f - a +6 ring of intelligence (left hand)
 h - a +6 ring of dexterity
 B - a +6 ring of dexterity
 D - the amulet "Kiguesh" (around neck) {rF++ Regen+ Dex+4}
   (You found it on level 4 of the Dungeon)

   [amulet of regeneration]

   Dex+4:     It affects your dexterity (+4).
   rF++:      It greatly protects you from fire.
   Regen+:    It increases your rate of health regeneration.
 E - a +5 ring of evasion
 L - a ring of wizardry (right hand)
 S - a +5 ring of evasion
 V - a ring of resist corrosion
 W - a ring of see invisible
Wands
 F - a wand of charming (4)
 N - a wand of iceblast (2)
 O - a wand of polymorph (25)
 P - a wand of flame (10)
 X - a wand of quicksilver (13)
Scrolls
 d - 4 scrolls of teleportation
 m - 3 scrolls of noise
 r - 3 scrolls of torment
 t - 2 scrolls of summoning
 u - 3 scrolls of blinking
 v - 2 scrolls of revelation
 x - 2 scrolls of vulnerability
 K - a scroll of identify
 Q - 2 scrolls of fog
 R - 2 scrolls of silence
Potions
 c - 2 potions of ambrosia {unknown}
 e - 4 potions of cancellation
 g - 6 potions of attraction
 i - 2 potions of enlightenment
 j - 4 potions of invisibility
 k - 3 potions of berserk rage
 l - 2 potions of mutation
 n - 3 potions of degeneration
 q - 5 potions of lignification {unknown}
 s - a potion of haste {unknown}
 w - a potion of might {unknown}
 z - 4 potions of heal wounds {unknown}
 A - a potion of magic
 G - 3 potions of curing {unknown}


   Skills:
 + Level 2.4 Fighting
 + Level 0.1 Short Blades
 + Level 4.6 Maces & Flails
 + Level 4.0 Dodging
 + Level 3.9 Stealth
 + Level 11.4 Spellcasting
 + Level 4.9 Conjurations
 + Level 7.0 Hexes
 + Level 1.4 Translocations
 + Level 9.8 Fire Magic
 + Level 2.9 Alchemy
 + Level 1.5 Evocations


You had 8 spell levels left.
You knew the following spells:

 Your Spells              Type           Power      Damage    Failure   Level
a - Foxfire               Conj/Fire      100%       2x1d9     1%          1
b - Scorch                Fire           100%       2d9       1%          2
c - Inner Flame           Hex/Fire       52%        N/A       1%          3
d - Volatile Blastmotes   Fire/Tloc      80%        2d16      1%          3
e - Sticky Flame          Fire/Alch      44%        2d8       1%          4
f - Flame Wave            Conj/Fire      49%        2d12      1%          4
g - Sigil of Binding      Hex            47%        N/A       1%          3
h - Yara's Violent Unrav  Hex/Alch       18%        3d9       7%          5

Your spell library contained the following spells:

 Spells                   Type           Power      Damage    Failure   Level
 Apportation              Tloc           40%        N/A       1%          1
 Jinxbite                 Hex            94%        N/A       1%          2
 Call Imp                 Summ           26%        N/A       2%          2
 Sublimation of Blood     Necr           13%        N/A       2%          2
 Dimensional Bullseye     Hex/Tloc       16%        N/A       3%          4
 Call Canine Familiar     Summ           13%        N/A       6%          3
 Petrify                  Alch/Erth      20%        N/A       11%         4
 Irradiate                Conj/Alch      16%        3d17      11%         5
 Alistair's Intoxication  Alch           18%        N/A       16%         5
 Borgnjor's Vile Clutch   Necr/Erth      6%         N/A       43%         5
 Eringya's Noxious Bog    Alch           13%        4d6       61%         6
 Enfeeble                 Hex            23%        N/A       61%         7
 Summon Hydra             Summ           6%         N/A       100%        7


Dungeon Overview and Level Annotations

Branches:
Dungeon (13/15)            Temple (0/1) D:4            Lair (0/5) D:10
    Orc (0/2) D:12          Sewer (visited)
 Vaults: D:13-14

Altars:
Fedhas
Makhleb
Okawaru
Ru
Trog
Uskayaw
Vehumet
Xom
Yredelemnul
Beogh

Shops:
D:3 :   D:6 =*   D:12 (

Annotations:
D:13 Nessos


Innate Abilities, Weirdness & Mutations

You are mostly covered in yellow scales. (AC +3)
You may rarely emit foul miasma when damaged in melee.
When hurt, damage is shared between your health and your magic reserves.
You regenerate magic rapidly.
When low on magic, you restore magic in place of health.
Your touch may inflict irresistible damage on your foes.
You have a pair of small antennae on your head.
Your movements are slightly less encumbered by armour. (ER -2)


Message History

The foxfire hits Nessos.
Flame seeps out of Nessos.
Nessos is heavily wounded.
Nessos is engulfed in blazing flames.
Flame seeps out of Nessos.
Casting: Foxfire (safe; 1% risk of failure)
Confirm with . or Enter, or press ? or * to list all spells.
Aiming: Yara's Violent Unravelling (dangerous; 6% risk of failure)
Press: ? - help, Dir - move target, f/p - Nessos
Aim: Nessos, wielding a +3 longbow of flaming and wearing a +1 barding (heavily wounded, fast, inner flame, misshapen and mutated, ally target, haloed)
Okay, then.
Casting: Yara's Violent Unravelling (dangerous; 6% risk of failure)
Confirm with . or Enter, or press ? or * to list all spells.
Aiming: Yara's Violent Unravelling (dangerous; 6% risk of failure)
Press: ? - help, Dir - move target, f/p - Nessos
Aim: Nessos, wielding a +3 longbow of flaming and wearing a +1 barding (heavily wounded, fast, inner flame, misshapen and mutated, ally target, haloed)
You miscast Yara's Violent Unravelling.
You are very lightly contaminated with residual magic.
Nothing appears to happen.
You feel extremely sick.
Your foxfire dissipates!
The foxfire hits Nessos.
Flame seeps out of Nessos.
Nessos is heavily wounded.
Nessos is engulfed in blazing flames.
Flame seeps out of Nessos.
Nessos intently looks at you, slowly moving their tail.
Nessos casts a spell.
Nessos blinks!
Nessos shoots an arrow.
The arrow hits you!
* * * LOW HITPOINT WARNING * * *
The arrow burns you.
The foxfire hits Nessos.
Flame seeps out of Nessos.
Nessos is severely wounded.
Okay, then.
It was a potion of mutation.
You feel extremely strange. A pair of antennae grows on your head!
You feel less encumbered by your armour.
* * * LOW HITPOINT WARNING * * *
You feel very sick.
Nessos unwields a +3 longbow of flaming.
It stops flaming.
Nessos misses you. Nessos completely misses you.
It was a potion of degeneration.
There was something very wrong with that liquid.
You feel weakened.
You feel dopey.
You feel clumsy.
You die...

#........#
#........#####
#............#
#............#
#............#
#..........°.#
............#
...........#
....#####.@#
... #.c# #..#
#.○# #.## #.#
..# ..# ..#


You could see Nessos (fast, inner flame, misshapen).

Vanquished Creatures
  4 two-headed ogres
  2 boulder beetles
  Lodul (D:10)
  A manticore (D:10)
  2 cyclopes (D:12)
  A gargoyle (D:10)
  Maggie (D:8)
  Jeremiah (D:6)
  An unseen horror (D:8)
  2 komodo dragons
  An unseen horror (shapeshifter) (D:13)
  An efreet (D:12)
  5 trolls
  17 yaks
  2 wargs
  2 vampires
  Eustachio (D:4)
  2 acid dragons
  2 water moccasins (D:9)
  A sky beast (D:7)
  A black bear (D:7)
  3 orc warriors
  An ice beast (D:8)
  9 ogres
  3 wolves
  5 centaurs
  A phantom (D:7)
  3 kobold brigands
  A weeping skull (D:7)
  A gnoll sergeant (D:6)
  5 bullfrogs
  5 scorpions
  6 wights
  16 killer bees
  8 howler monkeys
  5 orc priests
  5 hounds
  2 sleepcaps
  Jessica (D:2)
  A gnoll bouda (D:7)
  3 iguanas (D:8)
  7 orc wizards
  11 gnolls
  3 river rats (Sewer)
  10 adders
  A shadow imp (D:5)
  A white imp (D:6)
  2 ufetubi (D:5)
  2 dart slugs
  39 orcs
  7 bats
  5 endoplasms
  4 giant cockroaches
  4 goblins
  5 hobgoblins
  7 jackals
  17 kobolds
  A quokka (D:4)
  16 ball pythons
  4 frilled lizards
  23 rats
  A spectral orc (D:7)
305 creatures vanquished.

Vanquished Creatures (collateral kills)
  A foxfire (D:9)
1 creature vanquished.

Vanquished Creatures (others)
  A yak (D:10)
  An orc wizard (D:9)
  465 foxfires
467 creatures vanquished.

Grand Total: 773 creatures vanquished

Notes
Turn   | Place    | Note
-------+----------+-------------------------------------------
     0 | D:1      | PriceMaster the Demonspawn Fire Elementalist began the
                  | quest for the Orb.
     0 | D:1      | Reached XP level 1. HP: 13/13 MP: 3/3
   309 | D:1      | Gained mutation: You regenerate magic rapidly. [demonic
                  | ancestry]
   309 | D:1      | Reached XP level 2. HP: 19/19 MP: 1/5
   345 | D:1      | Learned a level 2 spell: Scorch
   669 | D:2      | Noticed Jessica
   671 | D:2      | Killed Jessica
   672 | D:2      | Gained mutation: When hurt, damage is shared between your
                  | health and your magic reserves. [demonic ancestry]
   672 | D:2      | Reached XP level 3. HP: 24/24 MP: 1/7
   791 | D:2      | Learned a level 3 spell: Inner Flame
  1173 | D:2      | Reached XP level 4. HP: 30/30 MP: 4/8
  1350 | D:2      | You fall into a shaft and drop 1 floor!
  1416 | D:3      | Reached skill level 3 in Spellcasting
  1420 | D:3      | Learned a level 3 spell: Volatile Blastmotes
  1440 | D:3      | Gained mutation: You are partially covered in yellow
                  | scales. (AC +2) [demonic ancestry]
  1440 | D:3      | Reached XP level 5. HP: 20/36 MP: 1/10
  1804 | D:3      | Found Sept's Vocational Training.
  2114 | D:3      | Found a glowing drain.
  2120 | Sewer    | Entered a sewer
  2479 | Sewer    | Reached skill level 4 in Spellcasting
  2479 | Sewer    | Gained mutation: You are mostly covered in yellow scales.
                  | (AC +3) [demonic ancestry]
  2479 | Sewer    | Reached XP level 6. HP: 35/42 MP: 1/12
  2483 | Sewer    | Reached skill level 1 in Hexes
  2649 | D:3      | Upgraded the game from 0.32-a0-779-g362cfcae2a to
                  | 0.32-a0-791-gfc315c9ecd
  2994 | D:4      | Noticed Eustachio
  3001 | D:4      | Killed Eustachio
  3002 | D:4      | Reached skill level 5 in Fire Magic
  3002 | D:4      | Gained mutation: Your touch may inflict minor irresistible
                  | damage on your foes. [demonic ancestry]
  3002 | D:4      | Reached XP level 7. HP: 46/47 MP: 5/13
  3004 | D:4      | Identified the amulet "Kiguesh" {rF++ Regen+ Dex+4}
  3179 | D:4      | Found a staircase to the Ecumenical Temple.
  3308 | D:5      | Entered Level 5 of the Dungeon
  3324 | D:5      | Learned a level 4 spell: Sticky Flame
  3666 | D:5      | Reached skill level 5 in Spellcasting
  4378 | D:6      | Reached XP level 8. HP: 53/53 MP: 11/16
  4435 | D:6      | Reached skill level 1 in Fighting
  4596 | D:6      | Reached skill level 6 in Spellcasting
  4731 | D:6      | Noticed Jeremiah
  4740 | D:6      | Killed Jeremiah
  4781 | D:6      | Reached skill level 1 in Maces & Flails
  5267 | D:6      | Found Tosiucypt's Neck Hole.
  5388 | D:6      | Bought a scarf of shadows for 168 gold pieces
  5406 | D:6      | Found Xoisk's Jewellery Shop.
  5519 | D:6      | Reached skill level 1 in Translocations
  5519 | D:6      | Reached XP level 9. HP: 59/59 MP: 8/19
  5525 | D:6      | Reached skill level 7 in Spellcasting
  5973 | D:7      | Learned a level 4 spell: Flame Wave
  6114 | D:7      | Noticed a boulder beetle
  6137 | D:7      | Killed a boulder beetle
  6655 | D:7      | Learned a level 3 spell: Sigil of Binding
  7069 | D:7      | Found a basalt altar of Yredelemnul.
  7101 | D:7      | Gained mutation: You may rarely emit foul miasma when
                  | damaged in melee. [demonic ancestry]
  7101 | D:7      | Reached XP level 10. HP: 67/67 MP: 5/21
  7556 | D:7      | Found a radiant altar of Vehumet.
  7559 | D:7      | Found a shimmering altar of Xom.
  7848 | D:8      | Noticed Maggie
  7856 | D:8      | Killed Maggie
  7857 | D:8      | Reached skill level 8 in Spellcasting
  8173 | D:8      | Reached skill level 5 in Hexes
  8679 | D:8      | Found a bloodstained altar of Trog.
  8756 | D:8      | Learned a level 5 spell: Yara's Violent Unravelling
  9207 | D:9      | Reached skill level 9 in Spellcasting
  9223 | D:9      | Identified the +5 orcbow of the Tired Moons {heavy, rElec
                  | rF+++ rC- Dex+2}
 10722 | D:9      | Identified the +0 robe "Ygewnol" {Regen+ Int+3}
 10732 | D:9      | Noticed a two-headed ogre
 10742 | D:9      | Killed a two-headed ogre
 10743 | D:9      | Gained mutation: Your touch may inflict irresistible damage
                  | on your foes. [demonic ancestry]
 10743 | D:9      | Reached XP level 11. HP: 72/72 MP: 1/24
 11276 | D:9      | Found a sacrificial altar of Ru.
 11289 | D:9      | Found a hide-covered altar of Uskayaw.
 11558 | D:10     | Entered Level 10 of the Dungeon
 11558 | D:10     | Found an iron altar of Okawaru.
 11558 | D:10     | Found a burning altar of Makhleb.
 11600 | D:10     | Reached skill level 1 in Alchemy
 11714 | D:10     | Noticed Lodul
 11722 | D:10     | Killed Lodul
 12029 | D:10     | Reached skill level 10 in Spellcasting
 12066 | D:10     | Noticed a two-headed ogre
 12102 | D:10     | Killed a two-headed ogre
 12808 | D:10     | Found a staircase to the Lair.
 12808 | D:10     | Noticed a two-headed ogre
 12818 | D:10     | Killed a two-headed ogre
 13090 | D:10     | Noticed a two-headed ogre
 13101 | D:10     | Killed a two-headed ogre
 14967 | D:11     | Found a roughly hewn altar of Beogh.
 16021 | D:12     | Identified the +1 short sword of Vammie {venom, rF+ Dex+2}
 16025 | D:12     | Found a blossoming altar of Fedhas.
 16395 | D:12     | Found a staircase to the Orcish Mines.
 16400 | D:12     | Reached skill level 1 in Evocations
 16627 | D:12     | Noticed a boulder beetle
 16646 | D:12     | Killed a boulder beetle
 16647 | D:12     | Reached skill level 11 in Spellcasting
 16647 | D:12     | Gained mutation: When low on magic, you restore magic in
                  | place of health. [demonic ancestry]
 16647 | D:12     | Reached XP level 12. HP: 80/80 MP: 1/27
 16856 | D:12     | Upgraded the game from 0.32-a0-791-gfc315c9ecd to
                  | 0.32-a0-818-gb728d0252e
 17351 | D:12     | Found Ydiasabb's Weapon Emporium.
 17557 | D:13     | Noticed Nessos
 17568 | D:13     | Gained mutation: You have a pair of small antennae on your
                  | head. [potion of mutation]
 17568 | D:13     | Gained mutation: Your movements are slightly less
                  | encumbered by armour. (ER -2) [potion of mutation]
 17568 | D:13     | HP: 3/80 [poisoned by Nessos]
 17569 | D:13     | Succumbed to Nessos's poison

Illustrated notes

Levels and vault maps discovered:
D:1:      grunt_arrival_crossed_arrows, layout_rooms, hex_large
D:2:      layout_loops_cross, uniq_jessica
D:3:      layout_basic, mainiacjoe_sewer_entry_somewhere_in_here_2,
          nicolae_shop_vocational
D:4:      layout_rooms, minmay_temple_entry_drinking_statues, uniq_eustachio
D:5:      layout_basic, serial_demonic, serial_demonic_b, serial_demonic_b,
          serial_demonic_d, serial_demonic_c
D:6:      layout_rooms, serial_shops, nicolae_shop_gaudy_bauble,
          nicolae_shop_sticking_my_neck_out, uniq_jeremiah
D:7:      layout_loops_cross, minitemple, yredelemnul_forgotten_temple_becter,
          minmay_circle_x
D:8:      layout_basic, overflow_temple_1_default, minmay_lizard_king,
          uniq_maggie
D:9:      layout_basic, grunt_temple_overflow_open
D:10:     layout_loops_corners, chequers_temple_overflow_statue_of_worship,
          erik_lair_orcish_takeover, kennysheep_generic_room_4, uniq_lodul
D:11:     layout_basic, special_room [special_room_orc]
D:12:     layout_basic, minmay_orc_entry_guard_dogs, serial_shops, shop,
          fedhas_altar_3
D:13:     layout_irregular_city, nicolae_uskayaw_en_pointe, uniq_nessos

Skill      XL: |  1  2  3  4  5  6  7  8  9 10 11 12 |
---------------+-------------------------------------+-----
Stealth        | 2 3 |  3.9
Dodging        | 2 3 4 |  4.0
Fire Magic     | 3 4 5 6 7 8 9 |  9.8
Spellcasting   | 3 4 5 6 7 9 11 | 11.4
Conjurations   | 2 3 4 |  4.9
Hexes          | 1 2 3 4 5 6 7 |  7.0
Fighting       | 1 2 |  2.4
Maces & Flails | 2 3 4 |  4.6
Translocations | 1 |  1.4
Alchemy        | 2 |  2.9
Evocations     | 1 |  1.5
Short Blades   | |  0.1

Action                     |  1- 3 |  4- 6 |  7- 9 | 10-12 || total
---------------------------+-------+-------+-------+-------++-------
  Melee: Dagger            |    18 |    10 |       |       ||    28
         Flail             |       |     1 |    29 |    58 ||    88
         Short sword       |       |       |       |     4 ||     4
   Cast: Foxfire           |    45 |    70 |    75 |   105 ||   295
         Scorch            |     5 |    13 |    39 |    94 ||   151
         Inner Flame       |     5 |    15 |    37 |    95 ||   152
         Volatile Blastmot |       |     1 |     8 |     2 ||    11
         Sticky Flame      |       |       |     3 |     5 ||     8
         Sigil of Binding  |       |       |     4 |    40 ||    44
         Flame Wave        |       |       |     1 |     1 ||     2
         Yara's Violent Un |       |       |       |    35 ||    35
  Evoke: Wand              |       |       |     1 |    16 ||    17
    Use: Potion            |     1 |       |     1 |     3 ||     5
         Scroll            |     3 |     1 |     9 |     8 ||    21
 Armour: Robe              |    19 |    30 |    50 |    82 ||   181
         Steam dragon scal |       |       |       |    46 ||    46
  Dodge: Dodged            |    13 |    33 |    63 |   103 ||   212

Table legend: (Time is in decaauts)
 A = Elapsed time spent in this place.
 B = Non-inter-level travel time spent in this place.
 C = Inter-level travel time spent in this place.
 D = Time resting spent in this place.
 E = Time spent auto-exploring this place.
 F = Levels seen in this place.
 G = Mean time per level.
                   A        B        C        D        E       F      G
               +--------+--------+--------+--------+--------+-----+--------+
         Total |  17663 |  17367 |    296 |   7089 |   8132 |  14 | 1261.6 |
       Dungeon |  17139 |  16843 |    296 |   7089 |   7749 |  13 | 1318.4 |
         Sewer |    523 |    523 |      0 |      0 |    382 |   1 |  523.0 |
               +--------+--------+--------+--------+--------+-----+--------+

Top non-repeatable levels by time:
    D:10: 2796 daAuts
     D:9: 2450 daAuts
     D:7: 1813 daAuts
    D:11: 1663 daAuts
     D:6: 1599 daAuts
    D:12: 1516 daAuts
     D:8: 1334 daAuts
     D:5: 1067 daAuts
     D:3: 851 daAuts
     D:2: 680 daAuts
     D:1: 668 daAuts
     D:4: 647 daAuts
   Sewer: 523 daAuts
    D:13: 48 daAuts
